 Dungeon Crawl Stone Soup version 0.31-a0-700-gf13585253f (webtiles) character file.

Game seed: 762278602100787017

3284 qw the Skirmisher (level 10, -4/65 HPs)
             Began as a Gargoyle Hunter on Sept 7, 2023.
             Was a Believer of Okawaru.
             Slain by a manticore (5 damage)
             ... on level 8 of the Dungeon.
             The game lasted 00:02:40 (6446 turns).

qw the Skirmisher (Gargoyle Hunter)                 Turns: 6446, Time: 00:02:41

Health: -4/65      AC: 19    Str: 15    XL:     10   Next: 0%
Magic:  13/13      EV: 11    Int: 10    God:    Okawaru [**....]
Gold:   503        SH:  0    Dex: 17    Spells: 9/9 levels left

rFire   . . .        Y - +0 shortbow
rCold   . . .        (shield currently unavailable)
rNeg    + . .        h - +0 ring mail
rPois   inf          c - +1 helmet
rElec   +            b - +0 cloak
rCorr   +            f - +2 pair of gloves
SInv    .            (no boots)
Will    .....        (no amulet)
Stlth   +            i - ring "Darghupa" {Fly rCorr}
HPRegen 0.30/turn    l - +4 ring of slaying {mikee}
MPRegen 0.13/turn

%: no passive effects
@: flying
A: sickness immunity, AC +7, negative energy resistance 1, electricity
resistance, torment resistance 1, petrification resistance
a: Renounce Religion, Heroism


You were on level 8 of the Dungeon.
You worshipped Okawaru.
Okawaru was pleased with you.
You visited 2 branches of the dungeon, and saw 9 of its levels.

You collected 503 gold pieces.


Innate Abilities, Weirdness & Mutations

You are immune to sickness and miasma.
Your stone body is resilient. (AC +7)
You are immune to poison.
You resist negative energy. (rN+)
You are resistant to electric shocks. (rElec)
You are resistant to unholy torment.
You are immune to petrification.


   Skills:
 - Level 8.5 Fighting
 + Level 10.6 Ranged Weapons
 - Level 4.0 Armour
 - Level 2.6 Dodging
 - Level 1.1 Stealth
 - Level 4.0 Invocations


You had 9 spell levels left.
You didn't know any spells.
Your spell library was empty.

Inventory:

Hand Weapons
 Y - a +0 shortbow (weapon)
Armour
 b - a +0 cloak (worn)
 c - a +1 helmet (worn)
 f - a +2 pair of gloves (worn)
 h - a +0 ring mail (worn)
Jewellery
 i - the ring "Darghupa" (left hand) {Fly rCorr}
   (You found it on level 4 of the Dungeon)

   [ring of flight]

   Fly:       It grants you flight.
   rCorr:     It protects you from acid and corrosion.
 j - a ring of fire
 l - a +4 ring of slaying (right hand) {mikee}
Scrolls
 g - a scroll of identify
Potions
 a - a potion of haste
 d - a potion of enlightenment
 e - a potion of curing
 o - a potion of resistance {unknown}
 p - a potion of might {unknown}
 q - a potion of mutation {unknown}

Dungeon Overview and Level Annotations

Branches:
Dungeon (8/15)             Temple (1/1) D:6
   Lair: D:8-11

Altars:
Ashenzari
Cheibriados
Elyvilon
Fedhas
Gozag
Hepliaklqana
Kikubaaqudgha
Makhleb
Nemelex Xobeh
Okawaru
Qazlal
Ru
Sif Muna
Trog
Vehumet
Wu Jian
Xom
Yredelemnul
Zin
The Shining One

Annotations:
D:6 1 runed translucent door


Message History

A manticore comes into view.
You shoot an arrow. The arrow hits the manticore.
The manticore is lightly wounded.
The manticore bites you.
The manticore claws you but does no damage. x2
You shoot an arrow. The arrow hits the manticore.
The manticore is lightly wounded.
The manticore closely misses you. The manticore claws you. x2
You shoot an arrow. The arrow barely misses the manticore.
You shoot an arrow. The arrow hits the manticore.
The manticore is moderately wounded.
The manticore bites you but does no damage.
The manticore claws you but does no damage.
The manticore claws you.
You shoot an arrow. The arrow hits the manticore.
The manticore is moderately wounded.
The manticore bites you. The manticore misses you.
The manticore claws you but does no damage.
You shoot an arrow. The arrow hits the manticore.
The manticore is moderately wounded.
The manticore bites you. The manticore barely misses you. x2
You shoot an arrow. The arrow hits the manticore!
The manticore is severely wounded.
The manticore completely misses you. The manticore closely misses you.
The manticore misses you.
You shoot an arrow. The arrow barely misses the manticore.
You shoot an arrow. The arrow hits the manticore!
The manticore is almost dead.
The manticore bites you. The manticore barely misses you.
The manticore claws you but does no damage.
6445 ||| DRINKING potion of heal wounds.
You feel much better. The manticore bites you! The manticore claws you.
The manticore claws you but does no damage.
You shoot an arrow.
The arrow hits the manticore but does no damage.
The manticore is almost dead.
You feel like a meek peon again. The manticore bites you!
The manticore claws you.
You die...

#. .#.# #. ##c## .
#..#..# .## #F.#
#..# ..# ##.o#
#..##.# ### #..#
#..#.# ... ##H##
##.#.##.## #.#@#
#.#......# #z#)##
##.#.....# ...#..##
##..#...... #.#
##..#####..##.....#
...
##.:#.#..##......#
..#
##..#..##..######
#.
..###.###..####...
#.........####....
.###.......##.###


You could see a manticore.

Vanquished Creatures
  A centaur warrior (D:8)
  Joseph (D:7)
  2 steam dragons (D:7)
  2 water moccasins
  3 sky beasts
  An ice beast (D:7)
  A black bear (D:6)
  2 ogres (D:5)
  2 centaurs
  2 kobold brigands (D:8)
  A phantom (D:5)
  3 bullfrogs (D:8)
  A scorpion (D:5)
  A wight (D:8)
  A howler monkey (D:7)
  A gnoll bouda (D:5)
  An orc priest (D:4)
  2 hounds
  Terence (D:2)
  Natasha (twice) (D:2)
  4 iguanas (D:6)
  5 orc wizards
  7 adders
  A white imp (D:8)
  An ufetubus (D:7)
  2 worms
  2 dart slugs (D:1)
  22 orcs
  10 ball pythons
  5 endoplasms
  6 goblins
  6 hobgoblins
  7 jackals
  A quokka (D:1)
  3 frilled lizards
  15 kobolds
  3 rats
131 creatures vanquished.

Notes
Turn   | Place    | Note
-------+----------+-------------------------------------------
     0 | D:1      | qw the Gargoyle Hunter began the quest for the Orb.
     0 | D:1      | Reached XP level 1. HP: 12/12 MP: 1/1
     0 | D:1      | 0 ||| qw: Version: 0.3-a-76-g4403597
     0 | D:1      | 0 ||| qw: Game counter: 463
     0 | D:1      | 0 ||| qw: Melee chars always use a shield: true
     0 | D:1      | 0 ||| qw: God list: Okawaru
     0 | D:1      | 0 ||| qw: Allow faded altars: false
     0 | D:1      | 0 ||| qw: Do Orc after clearing Dungeon:15 true
     0 | D:1      | 0 ||| qw: Do second Lair branch before Depths: true
     0 | D:1      | 0 ||| qw: Lair rune preference: random
     0 | D:1      | 0 ||| qw: Goals: Normal
     0 | D:1      | 0 ||| PLANNING D:1-11
   140 | D:1      | Reached XP level 2. HP: 17/17 MP: 2/2
   757 | D:1      | 757 ||| UPGRADING to +0 ring mail.
   767 | D:1      | 767 ||| DROPPING +0 leather armour.
   768 | D:1      | 768 ||| READING scroll labelled IFEF TETZEJAL.
   769 | D:1      | 769 ||| READING 4 scrolls labelled NAUTO ROPNAMO.
   770 | D:1      | 770 ||| READING scroll labelled TORCHU MUTIOGA.
   771 | D:1      | 771 ||| READING 3 scrolls of identify.
   771 | D:1      | 771 ||| IDENTIFYING emerald potion
   772 | D:1      | 772 ||| READING 2 scrolls of identify.
   772 | D:1      | 772 ||| IDENTIFYING fuming grey potion
   773 | D:1      | 773 ||| DROPPING scroll of butterflies.
   790 | D:2      | Reached XP level 3. HP: 21/21 MP: 3/3
   804 | D:2      | Reached skill level 1 in Armour
   909 | D:2      | Noticed Natasha
   912 | D:2      | Reached skill level 5 in Ranged Weapons
   916 | D:2      | Killed Natasha
   917 | D:2      | Reached skill level 3 in Fighting
   917 | D:2      | Reached XP level 4. HP: 23/28 MP: 4/4
  1154 | D:2      | Noticed Terence
  1162 | D:2      | Killed Terence
  1182 | D:2      | Found an opulent altar of Gozag.
  1184 | D:2      | Noticed Natasha
  1192 | D:2      | Killed Natasha
  1193 | D:2      | Reached XP level 5. HP: 29/32 MP: 5/5
  1522 | D:2      | 1522 ||| UPGRADING to +0 cloak.
  1527 | D:2      | 1527 ||| READING scroll labelled CUQUIRI KEYD.
  1532 | D:2      | 1532 ||| DRINKING 2 lumpy red potions.
  1579 | D:2      | 1579 ||| DRINKING 3 murky red potions.
  1580 | D:2      | 1580 ||| DROPPING potion of lignification.
  1589 | D:3      | Found a faded altar of an unknown god.
  1595 | D:3      | 1595 ||| STAIRDANCE
  1656 | D:3      | Found a blossoming altar of Fedhas.
  1669 | D:3      | Found a basalt altar of Yredelemnul.
  1710 | D:3      | Reached skill level 6 in Ranged Weapons
  2304 | D:3      | 2304 ||| READING scroll labelled MOEKLAMMIUR.
  2305 | D:3      | 2305 ||| READING 3 scrolls of identify.
  2305 | D:3      | 2305 ||| IDENTIFYING glowing brown potion
  2306 | D:3      | 2306 ||| DROPPING potion of degeneration.
  2480 | D:4      | Reached XP level 6. HP: 34/38 MP: 6/6
  3127 | D:4      | Identified the ring "Darghupa" {Fly rCorr}
  3233 | D:4      | 3233 ||| UPGRADING to +0 pair of gloves.
  3238 | D:4      | 3238 ||| UPGRADING to ring "Darghupa" {Fly rCorr}.
  3246 | D:4      | 3246 ||| READING 2 scrolls of identify.
  3246 | D:4      | 3246 ||| IDENTIFYING bubbling inky potion
  3247 | D:4      | 3247 ||| DROPPING potion of magic.
  3263 | D:5      | Entered Level 5 of the Dungeon
  3269 | D:5      | 3269 ||| DRINKING 5 potions of curing.
  3269 | D:5      | 3269 ||| (to cure confusion)
  3273 | D:5      | 3273 ||| DRINKING 4 potions of curing.
  3273 | D:5      | 3273 ||| (to cure confusion)
  3282 | D:5      | 3282 ||| FLEEEEING.
  3284 | D:5      | 3284 ||| STAIRDANCE
  3363 | D:5      | Reached skill level 7 in Ranged Weapons
  3413 | D:5      | 3413 ||| Stepping ~*~*~tactically~*~*~ (retreating).
  3414 | D:5      | 3414 ||| Stepping ~*~*~tactically~*~*~ (retreating).
  3415 | D:5      | 3415 ||| Stepping ~*~*~tactically~*~*~ (retreating).
  3431 | D:5      | Reached XP level 7. HP: 14/43 MP: 7/7
  3449 | D:5      | HP: 10/43 [something (2)]
  3450 | D:5      | 3450 ||| DRINKING 3 potions of heal wounds.
  3479 | D:5      | HP: 10/43 [gnoll bouda/+0 club (5)]
  3480 | D:5      | 3480 ||| DRINKING 2 potions of heal wounds.
  3497 | D:5      | 3497 ||| FLEEEEING.
  3498 | D:5      | 3498 ||| FLEEEEING.
  3506 | D:5      | 3506 ||| FLEEEEING.
  3507 | D:5      | 3507 ||| FLEEEEING.
  3508 | D:5      | 3508 ||| FLEEEEING.
  3509 | D:5      | 3509 ||| FLEEEEING.
  3510 | D:5      | 3510 ||| FLEEEEING.
  3511 | D:5      | 3511 ||| STAIRDANCE
  3536 | D:5      | 3536 ||| STAIRDANCE
  3686 | D:5      | Reached skill level 8 in Ranged Weapons
  4047 | D:5      | 4047 ||| UPGRADING to +4 ring of slaying {mikee}.
  4048 | D:5      | 4048 ||| READING scroll labelled NONNYASSYXT.
  4049 | D:5      | 4049 ||| DRINKING 2 bubbling emerald potions.
  4050 | D:5      | 4050 ||| READING 2 scrolls of identify.
  4050 | D:5      | 4050 ||| IDENTIFYING dark potion
  4051 | D:5      | 4051 ||| DROPPING potion of attraction.
  4204 | D:6      | Reached XP level 8. HP: 45/48 MP: 8/8
  4251 | D:6      | 4251 ||| DRINKING 3 potions of curing.
  4251 | D:6      | 4251 ||| (to cure confusion)
  4254 | D:6      | 4254 ||| DRINKING 2 potions of curing.
  4254 | D:6      | 4254 ||| (to cure confusion)
  4271 | D:6      | Found a runed translucent door.
  4299 | D:6      | Found a staircase to the Ecumenical Temple.
  4300 | D:6      | 4300 ||| PLANNING TEMPLE
  4300 | D:6      | 4300 ||| READING scroll labelled JONI EXZULOZ.
  4309 | Temple   | Entered the Ecumenical Temple
  4310 | Temple   | 4310 ||| PLANNING OKAWARU WORSHIP
  4328 | Temple   | Became a worshipper of Warmaster Okawaru
  4329 | Temple   | 4329 ||| PLANNING D:1-11
  4898 | D:6      | Reached skill level 9 in Ranged Weapons
  5120 | D:6      | 5120 ||| READING scroll labelled BIENOS EGAUBALAF.
  5121 | D:6      | 5121 ||| READING scroll labelled VIORESOITI.
  5189 | D:7      | Reached * piety under Okawaru
  5200 | D:7      | 5200 ||| READING scroll of enchant armour.
  5200 | D:7      | 5200 ||| ENCHANTING +0 pair of gloves.
  5246 | D:7      | 5246 ||| INVOKING Heroism.
  5248 | D:7      | 5248 ||| Stepping ~*~*~tactically~*~*~ (cloud).
  5256 | D:7      | Reached skill level 6 in Fighting
  5257 | D:7      | 5257 ||| Stepping ~*~*~tactically~*~*~ (cloud).
  5418 | D:7      | Reached skill level 1 in Invocations
  5477 | D:7      | 5477 ||| READING scroll of enchant armour.
  5477 | D:7      | 5477 ||| ENCHANTING +1 pair of gloves.
  5567 | D:7      | 5567 ||| INVOKING Heroism.
  5577 | D:7      | Reached XP level 9. HP: 49/56 MP: 7/10
  5894 | D:7      | 5894 ||| UPGRADING to +1 helmet.
  5899 | D:7      | 5899 ||| DROPPING ring of wizardry.
  5900 | D:7      | 5900 ||| READING scroll labelled JAARIMO ATUER.
  5901 | D:7      | 5901 ||| READING 3 scrolls of identify.
  5901 | D:7      | 5901 ||| IDENTIFYING metallic cyan potion
  5902 | D:7      | 5902 ||| READING 2 scrolls of identify.
  5902 | D:7      | 5902 ||| IDENTIFYING puce potion
  5903 | D:7      | 5903 ||| DROPPING potion of brilliance.
  5904 | D:7      | 5904 ||| DROPPING potion of invisibility.
  5950 | D:8      | Noticed Joseph
  5954 | D:8      | 5954 ||| STAIRDANCE
  6040 | D:8      | 6040 ||| STAIRDANCE
  6077 | D:8      | 6077 ||| STAIRDANCE
  6080 | D:7      | Killed Joseph
  6081 | D:7      | Reached skill level 3 in Invocations
  6084 | D:8      | 6084 ||| STAIRDANCE
  6086 | D:7      | 6086 ||| DRINKING 4 potions of curing.
  6086 | D:7      | 6086 ||| (to cure confusion)
  6164 | D:8      | Found a sacrificial altar of Ru.
  6167 | D:8      | Reached ** piety under Okawaru
  6281 | D:8      | Found a white marble altar of Elyvilon.
  6331 | D:8      | Reached skill level 10 in Ranged Weapons
  6387 | D:8      | 6387 ||| Stepping ~*~*~tactically~*~*~ (retreating).
  6389 | D:8      | 6389 ||| Stepping ~*~*~tactically~*~*~ (retreating).
  6394 | D:8      | 6394 ||| DRINKING 3 potions of curing.
  6394 | D:8      | 6394 ||| (to cure confusion)
  6397 | D:8      | 6397 ||| DRINKING 2 potions of curing.
  6397 | D:8      | 6397 ||| (to cure confusion)
  6402 | D:8      | Noticed a centaur warrior
  6412 | D:8      | 6412 ||| INVOKING Heroism.
  6418 | D:8      | Killed a centaur warrior
  6434 | D:8      | Reached XP level 10. HP: 38/65 MP: 13/13
  6435 | D:8      | Noticed a manticore
  6444 | D:8      | HP: 15/65 [manticore (6)]
  6445 | D:8      | 6445 ||| DRINKING potion of heal wounds.
  6446 | D:8      | HP: 1/65 [manticore (15)]
  6446 | D:8      | Slain by a manticore

Levels and vault maps discovered:
D:1:      amcnicky_arrival_blooded_trapdoor, layout_loops_ring
D:2:      layout_loops_ring, serial_glass, glass_columns_a, glass_columns_a,
          basic_altar, uniq_terence, uniq_natasha
D:3:      layout_basic, fedhas_altar_1,
          mainiacjoe_overflow_concentric_impassable,
          nicolae_ecumenical_pavilion, guppyfry_early_orc_mine
D:4:      layout_basic, chequers_serial_rivers_large_a
D:5:      layout_rooms, minmay_pentangle
D:6:      layout_loops_corners, temple_hall, lightli_church_of_beogh
D:7:      layout_loops_ring
D:8:      minmay_the_grid_octo_tiled_octocenter [minmay_the_grid_octo_clover_2,
          minmay_the_grid_octo_checkerflower, minmay_the_grid_octo_horde,
          minmay_the_grid_octo_fat_diamond, minmay_the_grid_octo_prize_star,
          minmay_the_grid_square_5x5_forky, minmay_the_grid_square_5x5_detours,
          minmay_the_grid_square_5x5_seven,
          minmay_the_grid_square_5x5_checkered], layout_loops_corners,
          mainiacjoe_overflow_two_lobes, nicolae_uskayaw_en_pointe,
          minmay_shop_mayhem, uniq_joseph
Temple:   nicolae_temple_slightly_damp_pantheon

Skill      XL: |  1  2  3  4  5  6  7  8  9 |
---------------+----------------------------+-----
Armour         | 1 2 4 |  4.0
Ranged Weapons | 5 6 7 8 9 10 | 10.6
Fighting       | 3 4 6 8 |  8.5
Dodging        | 2 |  2.6
Invocations    | 2 4 |  4.0
Stealth        | |  1.1

Action                     |  1- 3 |  4- 6 |  7- 9 | 10-12 || total
---------------------------+-------+-------+-------+-------++-------
   Fire: Shortbow          |   103 |   237 |   279 |    10 ||   629
 Invoke: Heroism           |       |       |     3 |       ||     3
    Use: Scroll            |     5 |     4 |    10 |       ||    19
         Potion            |       |     4 |     8 |     1 ||    13
 Armour: Leather armour    |    23 |       |       |       ||    23
         Ring mail         |     8 |   107 |   178 |    18 ||   311
  Dodge: Dodged            |    27 |    90 |    92 |     8 ||   217

Table legend:
 A = Non-vault XP
 B = Vault XP
 C = Vault XP percentage of total XP
 D = Non-vault monster count
 E = Vault monster count
 F = Vault count percentage of total count
                 A         B        C        D         E       F
            +---------+---------+-------+---------+---------+-------
      Total |    2606 |    2086 |  44.5 |     108 |      23 |  17.6
            +---------+---------+-------+---------+---------+-------
        D:1 |      33 |       0 |   0.0 |      17 |       0 |   0.0
        D:2 |      73 |      71 |  49.3 |      21 |       2 |   8.7
        D:3 |      67 |      17 |  20.2 |      13 |       7 |  35.0
        D:4 |     160 |       0 |   0.0 |      16 |       0 |   0.0
        D:5 |     490 |     199 |  28.9 |      10 |       4 |  28.6
        D:6 |     616 |       0 |   0.0 |      12 |       0 |   0.0
        D:7 |     729 |     445 |  37.9 |       7 |       1 |  12.5
        D:8 |     438 |    1354 |  75.6 |      12 |       9 |  42.9
            +---------+---------+-------+---------+---------+-------
